 Dungeon Crawl Stone Soup version 0.31-a0-836-g3ceb0a68c4 (webtiles) character file.

Game seed: 9421063984158241227

3120 Grieffels the Cleaver (level 9, 0/78 HPs)
             Began as a Minotaur Gladiator on Sept 27, 2023.
             Was an Initiate of Wu Jian.
             Slain by Joseph
             ... wielding a +0 quarterstaff
              (7 damage)
             ... on level 8 of the Dungeon.
             The game lasted 00:36:19 (7527 turns).

Grieffels the Cleaver (Minotaur Gladiator)          Turns: 7527, Time: 00:36:19

Health: 0/78       AC: 17    Str: 23    XL:     9   Next: 60%
Magic:  8/8        EV: 13    Int:  5    God:    Wu Jian [......]
Gold:   316        SH:  0    Dex: 12    Spells: 8/8 levels left

rFire   x . .        E - +0 halberd
rCold   + . .        (shield currently unavailable)
rNeg    . . .        B - +0 plate armour
rPois   .            (helmet restricted)
rElec   .            (no cloak)
rCorr   .            k - +0 pair of gloves
SInv    .            p - +1 pair of boots
Will    .....        f - amulet of regeneration Stlth
                     g - +5 ring of evasion
HPRegen 1.13/turn    b - ring of ice
MPRegen 0.11/turn

%: no passive effects
@: lethally poisoned (0 -> 0), slowed, very slow
A: horns 2, retaliatory headbutt
a: Renounce Religion


You were on level 8 of the Dungeon.
You worshipped Wu Jian.
Wu Jian was noncommittal.
You visited 2 branches of the dungeon, and saw 10 of its levels.

You collected 316 gold pieces.

Inventory:

Hand Weapons
 a - a +0 war axe
 D - a +0 club
 E - a +0 halberd (weapon)
Missiles
 d - 4 throwing nets (quivered)
 e - a javelin
Armour
 k - a +0 pair of gloves (worn)
 p - a +1 pair of boots (worn)
 B - a +0 plate armour (worn)
Magical Staves
 m - a staff of air
Jewellery
 b - a ring of ice (right hand)
 f - an amulet of regeneration (around neck)
 g - a +5 ring of evasion (left hand)
 w - an amulet of regeneration
Wands
 q - a wand of mindburst (20)
 A - a wand of digging (4)
 F - a wand of paralysis (3)
 I - a wand of roots (11)
 J - a wand of flame (17)
Scrolls
 c - a scroll of teleportation {unknown}
 i - 4 scrolls of noise {unknown}
 j - 7 scrolls of identify {unknown}
 u - a scroll of enchant armour {unknown}
 x - 2 scrolls of poison {unknown}
 y - a scroll of blinking {unknown}
 C - 3 scrolls of fog {unknown}
 G - a scroll of revelation {unknown}
 K - a scroll of torment {unknown}
Potions
 h - 3 potions of magic {unknown}
 l - 3 potions of lignification {unknown}
 n - a potion of enlightenment {unknown}
 o - 3 potions of might {unknown}
 r - 3 potions of curing {unknown}
 s - 2 potions of berserk rage {unknown}
 t - 2 potions of brilliance {unknown}
 v - a potion of ambrosia {unknown}
 z - a potion of invisibility {unknown}
 H - a potion of attraction {unknown}
 L - a potion of heal wounds {unknown}


   Skills:
 + Level 6.9 Fighting
 + Level 10.2(10.9) Axes
 + Level 5.6(8.7) Polearms
 + Level 2.3 Throwing
 + Level 8.7 Armour
 + Level 4.3 Dodging
 + Level 0.9 Stealth


You had 8 spell levels left.
You didn't know any spells.
Your spell library contained the following spells:

 Spells                   Type           Power      Damage    Failure   Level
 Apportation              Tloc           0%         N/A       100%        1
 Necrotise                Necr           0%         1d4       100%        1
 Jinxbite                 Hex            0%         N/A       100%        2
 Static Discharge         Conj/Air       0%         2-2/arc   100%        2
 Frozen Ramparts          Ice            0%         1d1       100%        3
 Inner Flame              Hex/Fire       0%         N/A       100%        3
 Vampiric Draining        Necr           0%         2d6       100%        3
 Volatile Blastmotes      Fire/Tloc      0%         2d10      100%        3
 Airstrike                Air            0%         2d(0-16)  100%        4
 Flame Wave               Conj/Fire      0%         2d4       100%        4
 Fulminant Prism          Conj/Hex       0%         3d5       100%        4
 Iskenderun's Mystic Bla  Conj/Tloc      0%         2d3       100%        4
 Petrify                  Tmut/Erth      0%         N/A       100%        4
 Sticky Flame             Conj/Fire      0%         2d3       100%        4
 Summon Lightning Spire   Summ/Air       0%         N/A       100%        4
 Agony                    Necr           0%         N/A       100%        5
 Alistair's Intoxication  Tmut/Pois      0%         N/A       100%        5
 Metabolic Englaciation   Hex/Ice        0%         N/A       100%        5


Dungeon Overview and Level Annotations

Branches:
Dungeon (9/15)             Temple (1/1) D:6
   Lair: D:8-11         Orc: D:9-12

Altars:
Cheibriados
Dithmenos
Elyvilon
Fedhas
Gozag
Hepliaklqana
Kikubaaqudgha
Makhleb
Nemelex Xobeh
Okawaru
Ru
Sif Muna
Uskayaw
Wu Jian
Yredelemnul
The Shining One

Shops:
D:2 (   D:4 !   D:7 *

Annotations:
D:6 exclusion: oklob plant
D:8 Joseph


Innate Abilities, Weirdness & Mutations

You have a pair of horns on your head.
You reflexively headbutt those who attack you in melee.


Message History

The kobold brigand throws a curare-tipped dart.
The curare-tipped dart hits you.
You are poisoned.
You have difficulty breathing.
You feel yourself slow down.
You feel very sick.
Joseph shoots a sling bullet.
The sling bullet hits you but does no damage.
Joseph shoots a sling bullet.
The sling bullet hits you!
You feel very sick.
Joseph shoots a sling bullet.
The sling bullet barely misses you.
You see here a +0 robe.
You feel sick.
You feel sick.
The kobold brigand throws a curare-tipped dart.
The curare-tipped dart hits you.
You are more poisoned.
You have difficulty breathing.
* * * LOW HITPOINT WARNING * * *
You feel as though you will be slow longer.
You barely miss the orc. You headbutt the orc.
The orc is almost dead.
You feel very sick.
Joseph says, "You must be punished!
Or...
I want to punish you!" The orc hits you but does no damage.
You hit the orc priest.
The orc priest is moderately wounded.
You feel very sick.
The orc priest hits you but does no damage.
The orc closely misses you.
You slash the orc!
You kill the orc!
The Council accepts your kill.
You feel very sick.
Joseph unwields a +0 sling.
Joseph wields a +0 quarterstaff.
Joseph barely misses you. You furiously retaliate!
You headbutt Joseph!
You feel sick. Joseph hits you with a +0 quarterstaff!
* * * LOW HITPOINT WARNING * * *
You see here a +0 club.
You feel sick. Joseph hits you with a +0 quarterstaff!
You die...

..# .....#. ###..
....... . #...# #(....
.##### [.>#.#..#...o
...#..........#.#.#..
#.....## ##....#..
.......###..#.#.#.#.
#.###..##KK.........
#..###@##KK..#######
#.....K@oKo..#
.⌠.♣#####.......##...#
...........##...K....#
≈≈≈≈≈≈≈≈≈.#####..##.##
≈≈≈≈≈≈≈.# ##.##.#
....#...# #..#.#
.♣#.#.#.# #....
#..##†# ....


You could see Joseph, an orc priest, an orc and 3 kobolds.

Vanquished Creatures
  4 yaks (D:8)
  2 vampire mosquitoes (D:6)
  A water moccasin (D:6)
  A sky beast (D:4)
  An orc warrior (D:7)
  2 ice beasts
  2 black bears
  3 ogres (D:4)
  3 centaurs
  A phantom (D:5)
  2 bullfrogs
  A gnoll sergeant (D:6)
  2 scorpions
  A howler monkey (D:6)
  An electric eel (D:8)
  2 sleepcaps
  2 gnoll boudas
  2 hounds
  2 jellies
  An orc wizard (D:3)
  3 iguanas
  18 gnolls
  4 adders
  A shadow imp (D:3)
  A white imp (D:6)
  A worm (D:2)
  A dart slug (D:5)
  20 orcs
  11 ball pythons
  4 bats
  9 endoplasms
  7 giant cockroaches
  4 goblins
  8 hobgoblins
  5 jackals
  5 kobolds
  4 quokkas
  A frilled lizard (D:3)
  6 rats
149 creatures vanquished.

Notes
Turn   | Place    | Note
-------+----------+-------------------------------------------
     0 | D:1      | Grieffels the Minotaur Gladiator began the quest for the
                  | Orb.
     0 | D:1      | Reached XP level 1. HP: 18/18 MP: 0/0
   416 | D:1      | Reached XP level 2. HP: 14/25 MP: 1/1
   597 | D:1      | Reached skill level 4 in Axes
  1204 | D:1      | Reached XP level 3. HP: 30/30 MP: 2/2
  1542 | D:2      | Reached skill level 1 in Armour
  1703 | D:2      | Found a blossoming altar of Fedhas.
  1830 | D:2      | Found Xulesid's Weapon Shop.
  2547 | D:3      | Reached XP level 4. HP: 36/37 MP: 3/3
  3571 | D:4      | Reached skill level 5 in Axes
  3679 | D:4      | Noticed a sky beast
  3686 | D:4      | Killed a sky beast
  3687 | D:4      | Reached XP level 5. HP: 45/45 MP: 4/4
  3743 | D:4      | Reached skill level 6 in Axes
  3760 | D:4      | Noticed an ogre
  3768 | D:4      | Killed an ogre
  3769 | D:4      | Reached XP level 6. HP: 51/51 MP: 5/5
  4025 | D:4      | Reached skill level 7 in Axes
  4027 | D:4      | Reached XP level 7. HP: 57/57 MP: 6/6
  4082 | D:4      | Found Ycinyu's Distillery.
  4611 | D:5      | Entered Level 5 of the Dungeon
  4660 | D:5      | Reached skill level 5 in Armour
  4715 | D:5      | Found a snail-covered altar of Cheibriados.
  4739 | D:5      | Reached skill level 8 in Axes
  5308 | D:5      | Reached XP level 8. HP: 67/67 MP: 7/7
  5768 | D:6      | Found a shimmering blue altar of Sif Muna.
  5768 | D:6      | Found an opulent altar of Gozag.
  5769 | D:6      | Found a hide-covered altar of Uskayaw.
  5834 | D:6      | Reached skill level 9 in Axes
  5856 | D:6      | Reached skill level 5 in Fighting
  5933 | D:6      | Reached skill level 10 in Axes
  5956 | D:6      | Found a white marble altar of Elyvilon.
  6053 | D:6      | Reached skill level 1 in Polearms
  6053 | D:6      | Reached XP level 9. HP: 50/74 MP: 8/8
  6152 | D:6      | Found a shadowy altar of Dithmenos.
  6254 | D:6      | Found a staircase to the Ecumenical Temple.
  6288 | Temple   | Entered the Ecumenical Temple
  6357 | Temple   | Became a worshipper of the Wu Jian Council
  6748 | D:6      | Found a blossoming altar of Fedhas.
  6773 | D:6      | Noticed an oklob plant
  7108 | D:7      | Found a burning altar of Makhleb.
  7171 | D:7      | Found Huafrie's Assorted Antiques.
  7306 | D:7      | Found an iron altar of Okawaru.
  7359 | D:7      | You fall into a shaft and drop 2 floors!
  7410 | D:8      | Reached skill level 5 in Polearms
  7499 | D:8      | Noticed Joseph
  7527 | D:8      | Slain by Joseph

Illustrated notes

Levels and vault maps discovered:
D:1:      lightli_arrival_statuegarden, layout_loops_corners,
          minmay_crystal_room, minmay_bisected
D:2:      layout_loops_corners, basic_altar, serial_shops, shop,
          corexii_hall_statues_l
D:3:      layout_basic, minmay_increasing_density
D:4:      minmay_general_purpose_star, layout_loops_ring, serial_shops,
          shop_fountains
D:5:      layout_loops_corners, kennysheep_slug_shrine
D:6:      layout_basic, nicolae_elyvilon_peaceful_grove,
          nicolae_overflow_hidden_temple, tgw_fedhas, old_standard_altar,
          minmay_temple_entry_stoned_glass
D:7:      layout_gridville, okawaru_trees_2,
          mainiacjoe_overflow_small_starburst, serial_shops,
          nicolae_shop_window_shopping, uniq_prince_ribbit1
D:8:      layout_rooms, minmay_misc_feat_enclosed, chequers_mini_garden,
          nicolae_wooded_promenade, hangedman_decor_riveting, uniq_joseph,
          uniq_maggie
D:9:      layout_long_grid, amcnicky_altar_gilded, kennysheep_mini,
          lemuel_crystal_altar, orc_0_dummy
Temple:   nicolae_temple_great_sept

Skill      XL: |  1  2  3  4  5  6  7  8  9 |
---------------+----------------------------+-----
Axes           | 4 5 6 7 8 10 | 10.2
Dodging        | 4 |  4.3
Armour         | 1 3 4 5 7 8 |  8.7
Fighting       | 3 4 5 6 |  6.9
Polearms       | 1 5 |  5.6
Throwing       | |  2.3
Stealth        | |  0.9

Action                     |  1- 3 |  4- 6 |  7- 9 || total
---------------------------+-------+-------+-------++-------
  Melee: War axe           |    76 |    82 |   143 ||   301
         Headbutt          |     7 |    13 |    52 ||    72
         Punch             |     1 |       |     2 ||     3
         Halberd           |       |       |   113 ||   113
  Throw: Throwing net      |     1 |       |       ||     1
Ability: Lunge             |       |       |     3 ||     3
 Armour: Leather armour    |    19 |       |       ||    19
         Chain mail        |    23 |    43 |     3 ||    69
         Plate armour      |       |       |   273 ||   273
  Dodge: Dodged            |    60 |    63 |   244 ||   367

Table legend: (Time is in decaauts)
 A = Elapsed time spent in this place.
 B = Non-inter-level travel time spent in this place.
 C = Inter-level travel time spent in this place.
 D = Time resting spent in this place.
 E = Time spent auto-exploring this place.
 F = Levels seen in this place.
 G = Mean time per level.
                   A        B        C        D        E       F      G
               +--------+--------+--------+--------+--------+-----+--------+
         Total |   7614 |   5925 |   1689 |    120 |   4197 |  10 |  761.4 |
       Dungeon |   7533 |   5921 |   1612 |    120 |   4197 |   9 |  837.0 |
        Temple |     80 |      3 |     77 |      0 |      0 |   1 |   80.0 |
               +--------+--------+--------+--------+--------+-----+--------+

Top non-repeatable levels by time:
     D:1: 1514 daAuts
     D:6: 1269 daAuts
     D:3: 1156 daAuts
     D:5: 1094 daAuts
     D:4: 1054 daAuts
     D:2: 928 daAuts
     D:7: 339 daAuts
     D:8: 172 daAuts
  Temple: 80 daAuts
     D:9: 3 daAuts
